 Dungeon Crawl Stone Soup version 0.25.0-45-g978344163c (webtiles) character file.

Game seed: 3480166098744351734

102 Peloso the Skirmisher (level 4, -4/40 HPs)
             Began as a Ghoul Fighter on July 11, 2020.
             Slain by a hobgoblin
             ... wielding a +0 club
             ... led by Robin
              (5 damage)
             ... on level 2 of the Dungeon.
             The game lasted 00:04:09 (2217 turns).

Peloso the Skirmisher (Ghoul Fighter)               Turns: 2217, Time: 00:04:10

Health: -4/40      AC:  6    Str: 20    XL:     4   Next: 78%
Magic:  3/3        EV: 11    Int:  3    God:
Gold:   63         SH:  9    Dex:  8    Spells: 3/3 levels left

rFire    . . .     SeeInvis .   a - +0 long sword
rCold    + . .     Gourm    .   c - +0 kite shield
rNeg     + + +     Faith    .   k - +0 scale mail
rPois    ∞         Spirit   .   (no helmet)
rElec    .         Reflect  .   (no cloak)
rCorr    +         Harm     .   (no gloves)
MR       .....                  (no boots)
Stlth    ..........             (no amulet)
HPRegen  0.00/turn              e - +4 ring of evasion
MPRegen  0.08/turn              i - ring of resist corrosion

@: rotting
A: rotting body, claws 1, carnivore, cold resistance 1, negative energy
resistance 3, inhibited regeneration, torment resistance, unbreathing
a: no special abilities


You were on level 2 of the Dungeon.
You were hungry.

You visited 1 branch of the dungeon, and saw 3 of its levels.

You collected 63 gold pieces.

Inventory:

Hand Weapons
 a - a +0 long sword (weapon)
 b - a +0 hand axe of electrocution
Armour
 c - a +0 kite shield (worn)
 k - a +0 scale mail (worn)
Jewellery
 e - a +4 ring of evasion (left claw)
 i - a ring of resist corrosion (right claw)
Scrolls
 g - 3 scrolls of identify {unknown}
 l - 2 scrolls of teleportation {unknown}
 m - a scroll of blinking {unknown}
 o - a scroll of fear {unknown}
 p - a scroll of amnesia {unknown}
 r - a scroll of remove curse {unknown}
Potions
 d - a potion of might
 h - 2 potions of flight {unknown}
 j - a potion of mutation {unknown}
 q - a potion of cancellation {unknown}
Comestibles
 f - 6 rations


   Skills:
 + Level 3.7 Fighting
 + Level 2.9 Long Blades
 + Level 3.1 Armour
 + Level 0.9 Dodging
 + Level 0.1 Stealth
 + Level 3.3 Shields


You had 3 spell levels left.
You didn't know any spells.
Your spell library was empty.

Dungeon Overview and Level Annotations

Branches:
Dungeon (3/15)

Altars:

Annotations:
D:3 Robin


Innate Abilities, Weirdness & Mutations

Your body is rotting away.
You thrive on raw meat.
You are immune to poison.
You have sharp fingernails.
You are carnivorous and can eat meat at any time.
Your flesh is cold resistant. (rC+)
You are immune to negative energy. (rN+++)
You do not regenerate when monsters are visible.
You are immune to unholy pain and torment.
You can survive without breathing.


Message History

You hit the goblin.
You kill the goblin!
The hobgoblin no longer looks unusually strong.
The hobgoblin hits you with a +0 club.
* * * LOW HITPOINT WARNING * * *
Robin laughs in a distinctly smug fashion.
Items here: ))) / ? † Robin roars a battlecry!
The hobgoblin goes into a battle-frenzy!
The hobgoblin no longer looks unusually strong.
You block the hobgoblin's attack.
There is a stone staircase leading up here.
You climb upwards.
All of the chunks of flesh in your inventory have rotted away.
There is a stone staircase leading down here.
Your shield prevents you from hitting the hobgoblin.
The hobgoblin hits you with a +0 club.
* * * LOW HITPOINT WARNING * * *
The hobgoblin hits you with a +0 club.
You die...

#............................
#......................).....
###.......................####.
#............#+##.........# #.
#.......#......##.......### #.
#.......#......##.....).# #.
#.......#......####...### ####.
#.......##...#.####...#####....
#.......##...+@................
#............##g...............
#..............................
#..........................####
#..............................
#................).<...........
#######.....##.................
#........###............####
#.....##'###............####


You could see a hobgoblin.

Vanquished Creatures
  3 adders
  A worm (D:2)
  4 dart slugs
  A giant cockroach (D:1)
  14 goblins
  12 hobgoblins
  2 jackals (D:1)
  2 quokkas (D:3)
  A ball python (D:1)
  4 bats
  7 frilled lizards
  5 kobolds
  6 rats
62 creatures vanquished.

Notes
Turn   | Place    | Note
-------+----------+-------------------------------------------
     0 | D:1      | Peloso the Ghoul Fighter began the quest for the Orb.
     0 | D:1      | Reached XP level 1. HP: 19/19 MP: 0/0
   250 | D:1      | Reached XP level 2. HP: 24/26 MP: 1/1
   587 | D:1      | Reached XP level 3. HP: 31/31 MP: 2/2
  1299 | D:2      | Reached XP level 4. HP: 33/39 MP: 3/3
  1711 | D:2      | Found a faded altar of an unknown god.
  2162 | D:3      | Noticed Robin
  2217 | D:2      | HP: 1/40 [hobgoblin/+0 club[Robin] (4)]
  2217 | D:2      | Slain by a hobgoblin

Illustrated notes

Levels and vault maps discovered:
D:1:      nicolae_arrival_washed_ashore, layout_basic, minmay_tall_x
D:2:      layout_basic, chequers_ecumenical_altar_simple
D:3:      layout_loops_corners, lemuel_doored_altar,
          gammafunk_temple_overflow_pools, st_stairs_2,
          kennysheep_generic_room_13, uniq_sigmund, uniq_robin

Skill      XL: |  1  2 |
---------------+-------+-----
Shields        | 3 |  3.3
Long Blades    | 2 |  2.9
Armour         | 3 |  3.1
Fighting       | |  3.7
Dodging        | |  0.9
Stealth        | |  0.1

Action                   |  1- 3 |  4- 6 || total
-------------------------+-------+-------++-------
Melee: Long sword        |   121 |    91 ||   212
  Eat: Chunk             |     2 |     2 ||     4
Armor: Scale mail        |    61 |    32 ||    93
Dodge: Dodged            |    48 |    67 ||   115
Block: Kite shield       |    98 |    58 ||   156
       Rpst.: Long sword |    23 |    20 ||    43
